 Dungeon Crawl Stone Soup version 0.30-a0-591-g3c58d2bc28 (webtiles) character file.

Game seed: 13707256796294331494

6936 Zonian the Fighter (level 11, -2/63 HPs)
             Began as a Vine Stalker Brigand on Jan 5, 2023.
             Was the Champion of Uskayaw.
             Slain by a death yak (14 damage)
             ... on level 1 of the Lair of Beasts.
             The game lasted 00:21:46 (8897 turns).

Zonian the Fighter (Vine Stalker Brigand)           Turns: 8897, Time: 00:21:46

Health: -2/63      AC:  9    Str: 14    XL:     11   Next: 7%
Magic:  0/33       EV: 11    Int: 13    God:    Uskayaw [******]
Gold:   505        SH:  5    Dex: 18    Spells: 10/10 levels left

rFire   + + .      SeeInvis .    H - +4 short sword (flame)
rCold   + . .      Faith    .    (no shield)
rNeg    . . .      Spirit   +    B - +0 troll leather armour {Pargi}
rPois   .          Reflect  +    K - +1 helmet
rElec   +          Harm     .    c - +0 cloak
rCorr   .          Rampage  .    p - +1 pair of gloves
Will    +....                    (no boots)
Stlth   +++                      O - amulet of reflection
HPRegen 1.90/turn                y - ring "Hosmel" {rElec rF++ rC+ MP+9 Dex-4}
MPRegen 0.23/turn                v - ring "Vidomn" {MP+9 Dex+4}

@: no status effects
A: fangs 3, regeneration 1, magic shield, antimagic bite, no potion heal 2
a: Renounce Religion, Stomp, Line Pass, Grand Finale


You were on level 1 of the Lair of Beasts.
You worshipped Uskayaw.
Uskayaw was noncommittal.
You visited 3 branches of the dungeon, and saw 10 of its levels.
You also visited: Sewer.

You collected 655 gold pieces.
You spent 150 gold pieces at shops.

Inventory:

Hand Weapons
 a - a +5 heavy dagger
 k - a +0 short sword
 x - a +2 vampiric scythe
 z - a +0 dagger
 H - a +4 short sword of flaming (weapon)
Missiles
 d - 31 poisoned darts (quivered)
 n - 9 boomerangs
Armour
 b - a +0 robe
 c - a +0 cloak (worn)
 p - a +1 pair of gloves (worn)
 B - a +0 troll leather armour (worn) {Pargi}
 K - a +1 helmet (worn)
Jewellery
 f - an amulet of faith
 l - a +6 ring of strength
 m - a ring of flight
 s - a ring of willpower
 v - the ring "Vidomn" (right hand) {MP+9 Dex+4}
   (You found it on level 4 of the Dungeon)

   [ring of magical power]

   Dex:       It affects your dexterity (+4).
   MP:        It affects your magic capacity (+9).
 y - the ring "Hosmel" (left hand) {rElec rF++ rC+ MP+9 Dex-4}
   (You acquired it on level 7 of the Dungeon)

   [ring of protection from cold]

   Dex:       It affects your dexterity (-4).
   rF:        It greatly protects you from fire.
   rC:        It protects you from cold.
   rElec:     It insulates you from electricity.
   MP:        It affects your magic capacity (+9).
 A - a ring of ice
 G - a ring of poison resistance
 O - an amulet of reflection (around neck)
 Q - an amulet of magic regeneration
Wands
 t - a wand of mindburst (18)
 M - a wand of roots (2)
 N - a wand of charming (26)
 P - a wand of digging (12)
 V - a wand of acid (4)
Scrolls
 o - 2 scrolls of torment
 C - a scroll of fog
 D - 3 scrolls of blinking
 E - 2 scrolls of magic mapping
 F - a scroll of poison
 I - 2 scrolls of noise {unknown}
 J - 3 scrolls of teleportation
 S - a scroll of silence
 T - a scroll of identify
Potions
 g - 3 potions of attraction
 h - 7 potions of curing
 i - 5 potions of invisibility
 j - a potion of flight
 q - a potion of magic
 r - 2 potions of heal wounds
 w - 4 potions of might
 L - 2 potions of haste
 R - a potion of lignification {unknown}
 U - a potion of mutation {unknown}


   Skills:
 + Level 10.1 Fighting
 - Level 10.0 Short Blades
 - Level 4.1 Throwing
 - Level 1.2 Dodging
 - Level 5.1 Stealth
 - Level 5.0 Invocations


You had 10 spell levels left.
You didn't know any spells.
Your spell library contained the following spells:

 Spells                   Type           Power      Damage    Failure   Level
 Sandblast                Erth           0%         2d4       36%         1
 Passwall                 Tmut/Erth      0%         N/A       52%         2
 Static Discharge         Conj/Air       0%         2-2/arc   52%         2
 Gell's Gravitas          Tloc           0%         N/A       75%         3
 Lesser Beckoning         Tloc           0%         N/A       75%         3
 Ozocubu's Armour         Ice            0%         N/A       75%         3
 Stone Arrow              Conj/Erth      0%         3d7       75%         3
 Teleport Other           Tloc           0%         N/A       75%         3
 Vhi's Electric Charge    Tloc/Air       0%         N/A       75%         3
 Passage of Golubria      Tloc           0%         N/A       98%         4
 Arcjolt                  Conj/Air       0%         1d10      100%        5
 Lightning Bolt           Conj/Air       0%         1d11      100%        5
 Silence                  Hex/Air        0%         N/A       100%        5
 Ozocubu's Refrigeration  Ice            0%         4d7       100%        7
 Lehudib's Crystal Spear  Conj/Erth      0%         10d2      100%        8


Dungeon Overview and Level Annotations

Branches:
Dungeon (8/15)             Temple (1/1) D:6            Lair (1/5) D:8
  Sewer (visited)

Altars:
Elyvilon
Fedhas
Gozag
Hepliaklqana
Kikubaaqudgha
Okawaru
Trog
Uskayaw
Vehumet
Yredelemnul
Zin
The Shining One

Shops:
D:2 *   D:7 *

Annotations:
D:2 Terence


Innate Abilities, Weirdness & Mutations

You have razor-sharp teeth.
Your natural rate of healing is unusually fast.
When hurt, damage is shared between your health and your magic reserves.
Your bite disrupts and absorbs the magic of your enemies.
Potions cannot restore your health.


Message History

Aim: a death yak (heavily wounded)
The roots erupt in riotous growth!
Roots grab the death yak.
The grasping roots constrict the death yak.
The death yak struggles to escape constriction.
Unknown command.
The grasping roots constrict the death yak.
The roots release their grip on the death yak.
The death yak gores you!
Unknown command.
You hit the death yak but do no damage.
You bite the death yak, but do no damage.
The death yak is heavily wounded.
The death yak gores you!!
You puncture the death yak! You burn the death yak.
You bite the death yak, but do no damage.
The death yak is severely wounded.
You hit the death yak. You burn the death yak.
You bite the death yak, but do no damage.
The death yak is severely wounded.
The death yak gores you!!
You hit the death yak. You burn the death yak.
The death yak is almost dead.
You hit the death yak but do no damage.
The death yak is almost dead.
The death yak gores you!!
* * * LOW HITPOINT WARNING * * *
You hit the death yak but do no damage.
You bite the death yak, but do no damage.
The death yak is severely wounded.
You hit the death yak. You burn the death yak.
The death yak is almost dead.
The death yak barely misses you.
You hit the death yak. You burn the death yak.
You bite the death yak, but do no damage.
The death yak is almost dead.
You hit the death yak. You burn the death yak. Your bite misses the death yak.
The death yak is almost dead.
The death yak gores you!
You die...

#.# ##[.# #############
#..... #...........#
#..... ###...........#
#....####.............#
##......#..............#
#......#...#Y...((.....#
#....#...##@#Y........##
#.......P#####......###
##.......## ##..#.##
#.....#### #.(###
#...### ##(.##
##..#....... ##(.#
###..##....... #..#
#....# ....... .#.#
##..#.# ......D .. ..


You could see a death yak.

Vanquished Creatures
  4 death yaks (Lair:1)
  A black mamba (Lair:1)
  3 komodo dragons (Lair:1)
  Sigmund (D:5)
  3 water moccasins
  Pargi (Sewer)
  3 sky beasts
  A black bear (D:6)
  2 ogres
  An orc warrior (D:8)
  3 centaurs (D:8)
  A phantom (D:6)
  3 kobold brigands
  3 bullfrogs (Lair:1)
  A necrophage (D:7)
  3 gnoll sergeants (D:8)
  A scorpion (D:6)
  3 wights (D:7)
  6 killer bees (D:8)
  2 jellies
  4 hounds
  2 gnoll boudas
  6 orc priests
  4 orc wizards
  7 adders
  14 gnolls
  A shadow imp (D:6)
  A white imp (D:6)
  3 worms
  4 dart slugs
  38 orcs
  4 bats
  6 endoplasms
  4 giant cockroaches
  2 goblins
  11 hobgoblins
  3 jackals (D:1)
  4 quokkas
  14 ball pythons
  4 frilled lizards
  19 kobolds
  7 rats
208 creatures vanquished.

Vanquished Creatures (others)
  A jelly (D:5)
  27 plants
28 creatures vanquished.

Grand Total: 236 creatures vanquished

Notes
Turn   | Place    | Note
-------+----------+-------------------------------------------
     0 | D:1      | Zonian the Vine Stalker Brigand began the quest for the
                  | Orb.
     0 | D:1      | Reached XP level 1. HP: 11/11 MP: 2/2
   121 | D:1      | Reached skill level 1 in Dodging
   121 | D:1      | Reached XP level 2. HP: 12/15 MP: 3/3
   122 | D:1      | Reached skill level 5 in Stealth
   399 | D:1      | Found a faded altar of an unknown god.
   459 | D:1      | Reached XP level 3. HP: 18/18 MP: 4/4
   718 | D:2      | Found Paachu Omi's Assorted Antiques.
   800 | D:2      | Found an iron altar of Okawaru.
  1090 | D:2      | Noticed Terence
  2005 | D:3      | Found a hazy altar of Hepliaklqana.
  2110 | D:3      | Found a blossoming altar of Fedhas.
  2124 | D:3      | Found an opulent altar of Gozag.
  2133 | D:3      | Gained mutation: Your natural rate of healing is unusually
                  | fast. [Vine Stalker growth]
  2133 | D:3      | Reached XP level 4. HP: 23/23 MP: 5/5
  2885 | D:4      | Reached XP level 5. HP: 28/28 MP: 6/6
  2903 | D:4      | Identified the ring "Vidomn" {MP+9 Dex+4}
  3239 | D:4      | Noticed an ogre
  3247 | D:4      | Killed an ogre
  3299 | D:4      | Reached XP level 6. HP: 6/32 MP: 4/7
  3537 | D:5      | Entered Level 5 of the Dungeon
  3682 | D:5      | Found a basalt altar of Yredelemnul.
  3688 | D:5      | Noticed Sigmund
  3694 | D:5      | Killed Sigmund
  3695 | D:5      | Reached XP level 7. HP: 33/37 MP: 8/8
  4358 | D:5      | Found a glowing golden altar of the Shining One.
  4361 | D:5      | Noticed an angel
  4436 | D:6      | Found a glowing drain.
  4447 | Sewer    | Entered a sewer
  4501 | Sewer    | Noticed Pargi
  4511 | Sewer    | Killed Pargi
  4744 | D:6      | Found a staircase to the Ecumenical Temple.
  4753 | Temple   | Entered the Ecumenical Temple
  4779 | Temple   | Became a worshipper of Uskayaw the Reveller
  4847 | D:6      | Reached * piety under Uskayaw
  4848 | D:6      | Reached ** piety under Uskayaw
  4953 | D:6      | Reached *** piety under Uskayaw
  4955 | D:6      | Reached skill level 5 in Fighting
  4956 | D:6      | Reached **** piety under Uskayaw
  4967 | D:6      | Reached skill level 5 in Short Blades
  4967 | D:6      | Gained mutation: You have razor-sharp teeth. [Vine Stalker
                  | growth]
  4967 | D:6      | Reached XP level 8. HP: 43/43 MP: 9/9
  4975 | D:6      | Reached ***** piety under Uskayaw
  5570 | D:7      | Reached XP level 9. HP: 48/49 MP: 10/10
  5931 | D:7      | Found Fogon's General Store.
  5946 | D:7      | Bought a potion of haste for 150 gold pieces
  6618 | D:7      | Identified a scroll of acquirement
  6618 | D:7      | Acquired the ring "Hosmel" {rElec rF++ rC+ MP+9 Dex-4}
  7057 | D:8      | Found a staircase to the Lair.
  7449 | D:8      | Reached ****** piety under Uskayaw
  8261 | Lair:1   | Entered Level 1 of the Lair of Beasts
  8271 | Lair:1   | Noticed a komodo dragon
  8312 | Lair:1   | Reached XP level 10. HP: 56/57 MP: 11/11
  8352 | Lair:1   | Reached skill level 1 in Invocations
  8370 | Lair:1   | Found an opulent altar of Gozag.
  8419 | Lair:1   | Noticed a black mamba
  8427 | Lair:1   | Killed a black mamba
  8505 | Lair:1   | Noticed an eight-headed hydra
  8505 | Lair:1   | Noticed a death yak
  8803 | Lair:1   | Noticed a death yak
  8816 | Lair:1   | Noticed a death yak
  8816 | Lair:1   | Noticed a death yak
  8843 | Lair:1   | Killed a death yak
  8860 | Lair:1   | Noticed a death yak
  8876 | Lair:1   | Killed a death yak
  8876 | Lair:1   | Killed a death yak
  8885 | Lair:1   | Killed a death yak
  8886 | Lair:1   | Reached skill level 10 in Fighting
  8886 | Lair:1   | Reached skill level 10 in Short Blades
  8886 | Lair:1   | Reached skill level 5 in Invocations
  8886 | Lair:1   | Reached XP level 11. HP: 50/63 MP: 15/15
  8897 | Lair:1   | Slain by a death yak

Illustrated notes

Levels and vault maps discovered:
D:1:      minmay_arrival_semitransparent, layout_loops_cross,
          shapermc_ecumenical_altar_notcrosses
D:2:      layout_rooms, serial_shops, shop_statue, nicolae_shop_behind_doors,
          basic_altar, minmay_split_cup_small, uniq_terence
D:3:      layout_basic, mainiacjoe_overflow_alcove_2,
          mainiacjoe_overflow_large_starburst, hex_intersection,
          kennysheep_boxes
D:4:      layout_cave_pools, minmay_fountain_box, grunt_ministairs_11
D:5:      layout_loops_ring, grunt_temple_overflow_holy_war,
          minmay_misc_feat_diagonals, minmay_misc_feat_hallway, uniq_sigmund
D:6:      layout_loops_ring, minmay_temple_entry_glassed_door,
          portal_sewer_entry_a
D:7:      layout_layer_cave, serial_shops, shop_fountains
D:8:      kennysheep_housing_project, layout_rooms, lair_entry_dummy,
          minmay_misc_feat_cross, interstate_on_off
Temple:   nicolae_temple_bog_church
Lair:1:   layout_cave_pods, basic_altar

Skill      XL: |  1  2  3  4  5  6  7  8  9 10 |
---------------+-------------------------------+-----
Dodging        | 1 |  1.2
Short Blades   | 2 3 4 5 6 8 10 | 10.0
Stealth        | 5 |  5.1
Fighting       | 2 3 4 5 6 8 10 | 10.1
Throwing       | 2 3 4 |  4.1
Invocations    | 5 |  5.0

Action                   |  1- 3 |  4- 6 |  7- 9 | 10-12 || total
-------------------------+-------+-------+-------+-------++-------
Melee: Dagger            |    93 |    73 |    80 |       ||   246
       Bite              |    14 |    17 |    94 |    29 ||   154
       Short sword       |       |       |   223 |    67 ||   290
       Punch             |       |       |     1 |       ||     1
Throw: Dart              |       |     4 |       |     7 ||    11
       Boomerang         |       |       |     4 |     1 ||     5
Evoke: Wand              |       |       |     5 |     5 ||    10
  Use: Scroll            |    12 |     5 |     8 |     2 ||    27
 Stab: Sleeping          |     6 |     8 |     9 |     2 ||    25
       Distracted        |       |     2 |       |       ||     2
       Paralysed         |       |       |    17 |     2 ||    19
Armor: Robe              |    14 |    14 |     8 |       ||    36
       Troll leather arm |       |       |    91 |     4 ||    95
Dodge: Dodged            |    55 |    42 |   175 |    18 ||   290
Block: Other             |       |       |    14 |     3 ||    17

Table legend: (Time is in decaauts)
 A = Elapsed time spent in this place.
 B = Non-inter-level travel time spent in this place.
 C = Inter-level travel time spent in this place.
 D = Time resting spent in this place.
 E = Time spent auto-exploring this place.
 F = Levels seen in this place.
 G = Mean time per level.
                   A        B        C        D        E       F      G
               +--------+--------+--------+--------+--------+-----+--------+
         Total |   8799 |   8512 |    287 |   1285 |   5108 |  11 |  799.9 |
       Dungeon |   7933 |   7661 |    272 |   1250 |   4617 |   8 |  991.6 |
        Temple |     40 |     26 |     14 |      0 |     17 |   1 |   40.0 |
          Lair |    600 |    600 |      0 |     35 |    339 |   1 |  600.0 |
         Sewer |    224 |    224 |      0 |      0 |    135 |   1 |  224.0 |
               +--------+--------+--------+--------+--------+-----+--------+

Top non-repeatable levels by time:
     D:3: 1512 daAuts
     D:7: 1417 daAuts
     D:8: 1380 daAuts
     D:5: 900 daAuts
     D:4: 808 daAuts
     D:1: 698 daAuts
     D:6: 693 daAuts
  Lair:1: 600 daAuts
     D:2: 523 daAuts
   Sewer: 224 daAuts
  Temple: 40 daAuts
